 Dungeon Crawl Stone Soup version 0.30.1-11-g7821555f0a (webtiles) character file.

Game seed: 16102483031383338774

512 SacredBeard the Grave Robber (level 6, -2/46 HPs)
             Began as a Demonspawn Necromancer on Nov 17, 2023.
             Slain by Grinder (3 damage)
             ... while paralysed by Grinder
             ... on level 3 of the Dungeon.
             The game lasted 00:10:37 (4886 turns).

SacredBeard the Grave Robber (DsNe)                 Turns: 4886, Time: 00:10:38

Health: -2/46      AC:  9    Str: 14    XL:     6   Next: 99%
Magic:  9/9        EV:  2    Int: 16    God:
Gold:   172        SH:  0    Dex: 16    Spells: 8/9 levels left

rFire   . . .        t - +2 dagger (speed)
rCold   . . .        (no shield)
rNeg    . . .        j - +0 ring mail
rPois   .            l - +0 helmet
rElec   .            (no cloak)
rCorr   .            m - +1 pair of gloves
SInv    .            r - +0 pair of boots
Will    .....        (no amulet)
Stlth   ++           s - +6 ring of strength
HPRegen 0.27/turn    p - ring of wizardry
MPRegen 0.11/turn

%: wizardry (x1)
@: paralysed
A: repulsion field 2, demonic guardian 1
a: no special abilities


You were on level 3 of the Dungeon.
You visited 2 branches of the dungeon, and saw 5 of its levels.

You collected 172 gold pieces.

Inventory:

Hand Weapons
 a - a +0 halberd
 t - a +2 dagger of speed (weapon)
 z - a +0 falchion
Missiles
 b - a throwing net
 g - 5 poisoned darts
 k - 36 stones
 x - 3 boomerangs
Armour
 j - a +0 ring mail (worn)
 l - a +0 helmet (worn)
 m - a +1 pair of gloves (worn)
 r - a +0 pair of boots (worn)
Jewellery
 h - a ring of resist corrosion
 p - a ring of wizardry (right hand)
 s - a +6 ring of strength (left hand)
 y - a ring of protection from fire
Scrolls
 c - a scroll of fog {unknown}
 f - 6 scrolls of teleportation {unknown}
 i - a scroll of poison {unknown}
 n - 2 scrolls of noise {unknown}
 o - a scroll of torment {unknown}
 q - a scroll of identify {unknown}
 v - 2 scrolls of brand weapon {unknown}
Potions
 d - a potion of heal wounds {unknown}
 e - a potion of degeneration {unknown}
 u - a potion of curing {unknown}
 w - a potion of invisibility {unknown}


   Skills:
 * Level 2.6 Fighting
 + Level 2.2 Throwing
 - Level 2.0 Armour
 - Level 2.0 Dodging
 - Level 3.0 Stealth
 - Level 2.0 Spellcasting
 - Level 7.0 Necromancy


You had 8 spell levels left.
You knew the following spells:

 Your Spells              Type           Power      Damage    Failure   Level
a - Necrotise             Necr           96%        1d8       1%          1

Your spell library contained the following spells:

 Spells                   Type           Power      Damage    Failure   Level
 Vampiric Draining        Necr           24%        2d7       2%          3
 Animate Dead             Necr           24%        N/A       9%          4
 Freeze                   Ice            4%         1d3       16%         1
 Shock                    Conj/Air       4%         1d3       16%         1
 Ensorcelled Hibernation  Hex/Ice        2%         N/A       24%         2
 Lesser Beckoning         Tloc           2%         N/A       24%         2
 Passwall                 Tmut/Erth      0%         N/A       24%         2
 Agony                    Necr           24%        N/A       26%         5
 Frozen Ramparts          Ice            2%         1d1       43%         3
 Gell's Gravitas          Tloc           1%         N/A       43%         3
 Hailstorm                Conj/Ice       1%         3d3       43%         3
 Swiftness                Air            1%         N/A       43%         3
 Teleport Other           Tloc           1%         N/A       43%         3
 Airstrike                Air            0%         2d(1-17)  82%         4


Dungeon Overview and Level Annotations

Branches:
Dungeon (4/15) Zot: 19313  Temple (1/1) D:4 Zot: 5811

Altars:
Ashenzari
Dithmenos
Fedhas
Gozag
Hepliaklqana
Kikubaaqudgha
Okawaru
Qazlal
Ru
Sif Muna
Trog
Uskayaw
Vehumet
Wu Jian
Xom
Yredelemnul

Annotations:
D:3 Grinder


Innate Abilities, Weirdness & Mutations

You are surrounded by a moderate repulsion field. (EV +3)
A weak demonic guardian rushes to your aid.


Message History

Grinder hits you.
A demonic guardian appears!
You can move again.
You completely miss Grinder.
Grinder is heavily wounded.
Grinder hits you.
You writhe in agony.
* * * LOW HITPOINT WARNING * * *
You hit Grinder. You punch Grinder, but do no damage.
Grinder is heavily wounded.
Grinder hits you but does no damage.
You closely miss Grinder.
Grinder is heavily wounded.
Grinder says, "Are you a fish?" Grinder hits you but does no damage.
You completely miss Grinder.
Grinder is heavily wounded.
Grinder hits you.
* * * LOW HITPOINT WARNING * * *
You writhe in agony.
* * * LOW HITPOINT WARNING * * *
You swap places.
Grinder closely misses your iron imp. Grinder hits your iron imp!
Grinder hits your iron imp!
Your iron imp completely misses Grinder.
Grinder hits your iron imp.
Your iron imp barely misses Grinder.
Grinder hits your iron imp.
Your iron imp dies!
Your iron imp disappears in a puff of smoke!
Grinder hits you!
* * * LOW HITPOINT WARNING * * *
There is a stone staircase leading up, spattered with blood here.
You closely miss Grinder.
Grinder is heavily wounded.
Grinder gestures at you.
You suddenly lose the ability to move!
Grinder is no longer moving quickly.
Grinder drinks a potion.
Grinder seems to speed up.
Grinder completely misses you. Grinder hits you.
* * * LOW HITPOINT WARNING * * *
You writhe in agony.
You die...

## ########### .#
#.........# .#
#####.........# .#
#...[.........# .#
#.#...........# .#
#.#...........#
.####.............#
..........>.....5.#
.#######.#+##...@##
..................#
.#.#####.#.##.###...#
...#######.##.. ...#
#........#.#### ...#
†..#####.#.##. ...#
).)####..#).. .#.#
......#.....# # ##.#
#####.#.##..# #.###.#


You could see Grinder (fast).

Vanquished Creatures
  A scorpion (D:4)
  2 jellies (D:4)
  3 hounds (D:4)
  Jessica (D:3)
  An iguana (D:4)
  2 gnolls (D:2)
  10 adders
  2 river rats (D:4)
  4 worms
  A dart slug (D:1)
  13 orcs
  8 ball pythons
  2 bats
  9 endoplasms
  8 giant cockroaches
  7 hobgoblins
  7 kobolds
  4 quokkas
  A frilled lizard (D:3)
  7 goblins
  7 rats
100 creatures vanquished.

Vanquished Creatures (collateral kills)
  A gnoll (D:2)
  A giant cockroach (D:2)
  A kobold (D:4)
  A rat (D:3)
4 creatures vanquished.

Grand Total: 104 creatures vanquished

Notes
Turn   | Place    | Note
-------+----------+-------------------------------------------
     0 | D:1      | SacredBeard the Demonspawn Necromancer began the quest for
                  | the Orb.
     0 | D:1      | Reached XP level 1. HP: 13/13 MP: 3/3
   253 | D:1      | Gained mutation: You are surrounded by a mild repulsion
                  | field. (EV +2) [demonic ancestry]
   253 | D:1      | Reached XP level 2. HP: 20/20 MP: 3/5
   670 | D:1      | You fall into a shaft and drop 1 floor!
   872 | D:2      | Reached skill level 1 in Fighting
   872 | D:2      | Reached XP level 3. HP: 18/26 MP: 4/6
   874 | D:2      | Reached skill level 1 in Armour
   874 | D:2      | Reached skill level 5 in Necromancy
  1459 | D:2      | Reached XP level 4. HP: 32/32 MP: 5/7
  2175 | D:3      | Noticed Jessica
  2184 | D:3      | Killed Jessica
  2506 | D:3      | Gained mutation: You are surrounded by a moderate repulsion
                  | field. (EV +3) [demonic ancestry]
  2506 | D:3      | Reached XP level 5. HP: 38/38 MP: 5/8
  2843 | D:3      | Noticed Grinder
  2879 | D:4      | Reached skill level 1 in Throwing
  3004 | D:4      | Reached skill level 6 in Necromancy
  3080 | D:4      | Gained mutation: A weak demonic guardian rushes to your
                  | aid. [demonic ancestry]
  3080 | D:4      | Reached XP level 6. HP: 44/44 MP: 4/9
  3572 | D:4      | Found a staircase to the Ecumenical Temple.
  3677 | Temple   | Entered the Ecumenical Temple
  4018 | D:4      | Found an ornate altar of the Wu Jian Council.
  4024 | D:4      | Found an ancient bone altar of Kikubaaqudgha.
  4025 | D:4      | Found a shimmering blue altar of Sif Muna.
  4101 | D:4      | Reached skill level 7 in Necromancy
  4873 | D:3      | Paralysed by Grinder for 3 turns
  4883 | D:3      | HP: 1/46 [Grinder (7)]
  4884 | D:3      | Paralysed by Grinder for 5 turns
  4886 | D:3      | Slain by Grinder

Illustrated notes

Levels and vault maps discovered:
D:1:      dpeg_arrival_rooms_with_view, layout_loops_corners,
          minmay_misc_feat_encased
D:2:      layout_basic, hangedman_glass_teeth
D:3:      layout_basic, uniq_sigmund, uniq_jessica, uniq_grinder
D:4:      kb_forest_paths, layout_rooms,
          chequers_temple_overflow_statue_of_worship, minmay_temple_entry_grid,
          portal_sewer_entry_e
Temple:   nicolae_temple_bog_church

Skill      XL: |  1  2  3  4  5  6 |
---------------+-------------------+-----
Dodging        | 2 |  2.0
Stealth        | 2 3 |  3.0
Fighting       | 1 2 |  2.6
Armour         | 1 2 |  2.0
Necromancy     | 5 6 7 |  7.0
Throwing       | 1 2 |  2.2
Spellcasting   | |  2.0

Action                     |  1- 3 |  4- 6 || total
---------------------------+-------+-------++-------
  Melee: Rapier            |     4 |       ||     4
         Short sword       |       |    44 ||    44
         Punch             |       |     4 ||     4
         Dagger            |       |    70 ||    70
  Throw: Stone             |       |     2 ||     2
         Boomerang         |       |     6 ||     6
   Cast: Necrotise         |    57 |   164 ||   221
    Use: Potion            |     1 |       ||     1
   Stab: Distracted        |       |     1 ||     1
 Armour: Ring mail         |     5 |    40 ||    45
  Dodge: Dodged            |    14 |    90 ||   104
